 Dungeon Crawl Stone Soup version 0.25.1-9-gc5326a611f (console) character file.

Game seed: 10496048963537100537

201516 spinagon the Fighter (level 17, -6/140 HPs)
             Began as a Demonspawn Berserker on June 4, 2020.
             Was a High Priest of Trog.
             Killed from afar by Arachne (10 damage)
             ... with a poison arrow
             ... on level 3 of the Spider Nest on Jan 13, 2021.
             The game lasted 03:44:34 (45512 turns).

spinagon the Fighter (Demonspawn Berserker)        Turns: 45512, Time: 03:44:34

Health: -6/140     AC: 36    Str: 29      XL:     17   Next: 91%
Magic:  3/27       EV: 10    Int: 13 (14) God:    Trog [*****.]
Gold:   2841       SH: 21    Dex: 12      Spells: 16/16 levels left

rFire    + . .     SeeInvis +   j - +11 morningstar {vorpal, +Blink +Fly Int+4}
rCold    + . .     Gourm    .   C - +2 kite shield
rNeg     + + .     Faith    .   y - +0 plate armour
rPois    +         Spirit   .   (helmet unavailable)
rElec    .         Reflect  +   e - +1 cloak
rCorr    +         Harm     .   q - +2 pair of gloves
MR       .....                  (no boots)
Stlth    ..........             N - amulet of Tender Moments {Reflect rN+ MR- Str+5 SH+5}
HPRegen  0.33/turn              c - ring of fire
MPRegen  0.20/turn              S - +4 ring of slaying

@: lethally poisoned (-6 -> -53), berserk cooldown, slowed, studying Dodging,
very slow
A: antennae 3, yellow scales 3, cold resistance 2, icemail, mutation resistance
1, negative energy resistance 1, poison resistance, 50% torment resistance, rot
immunity, freezing cloud immunity, subdued magic 1
}: 1/15 runes: decaying
a: Berserk, Trog's Hand, Brothers in Arms, Renounce Religion, Evoke Blink, Evoke
Flight


You were on level 3 of the Spider Nest.
You worshipped Trog.
Trog was extremely pleased with you.
You were hungry.

You visited 6 branches of the dungeon, and saw 32 of its levels.
You also visited: Ossuary.

You collected 3580 gold pieces.
You spent 739 gold pieces at shops.

Inventory:

Hand Weapons
 b - a +9 demon whip of flaming
 j - the +11 morningstar "Mato" (weapon) {vorpal, +Blink +Fly Int+4}
   (Trog gifted it to you on level 4 of the Swamp)

   It inflicts extra damage upon your enemies.
   It affects your intelligence (+4).
   It lets you fly.
   It lets you blink.
Missiles
 k - 10 curare-tipped darts
 l - 4 boomerangs of dispersal
 O - a silver boomerang (quivered)
Armour
 e - a +1 cloak (worn)
 q - a +2 pair of gloves (worn)
 y - a +0 plate armour (worn)
 C - a +2 kite shield (worn)
Jewellery
 c - a ring of fire (left hand)
 F - an uncursed ring of ice
 N - the amulet of Tender Moments (around neck) {Reflect rN+ MR- Str+5 SH+5}
   (You bought it in a shop on level 2 of the Orcish Mines)

   [amulet of reflection]

   It shields you and reflects attacks.
   It affects your strength (+5).
   It protects you from negative energy.
   It affects your resistance to hostile enchantments.
   It affects your SH (+5).
 Q - an uncursed ring of protection from magic
 S - a +4 ring of slaying (right hand)
Wands
 w - a wand of clouds (1)
 z - a wand of iceblast (21)
 A - a wand of digging (6)
 G - a wand of acid (13)
 H - a wand of disintegration (37)
 K - a wand of enslavement (19)
 L - a wand of paralysis (8)
 Y - a wand of random effects (43)
 Z - a wand of polymorph (5)
Scrolls
 d - 7 scrolls of immolation
 h - 10 scrolls of magic mapping
 i - a scroll of identify
 n - 2 scrolls of brand weapon
 o - 16 scrolls of remove curse
 p - 3 scrolls of fear
 t - 5 scrolls of teleportation
 v - a scroll of fog
 x - 3 scrolls of blinking
 E - 5 scrolls of enchant weapon
 R - 2 scrolls of torment
 T - a scroll of silence
Potions
 a - 2 potions of magic
 g - 6 potions of curing
 r - 7 potions of stabbing
 u - 3 potions of mutation
 B - 2 potions of invisibility
 D - 4 potions of lignification
 I - 3 potions of might
 P - 5 potions of flight
 V - a potion of cancellation
 W - a potion of haste
Books
 U - a manual of Dodging
Miscellaneous
 s - a lightning rod (4/4)
 M - a phial of floods (inert)
 X - a tin of tremorstones (2/3)
Comestibles
 f - 23 rations


   Skills:
 + Level 14.9 Fighting
 + Level 13.8 Maces & Flails
 + Level 13.6 Armour
 - Level 5.0 Dodging
 + Level 13.2 Shields
 + Level 14.4 Evocations


You had 16 spell levels left.
You didn't know any spells.
Your spell library contained the following spells:

 Spells                   Type           Power        Failure   Level  Hunger
 Corona                   Hex            #......      92%         1    ##.....
 Foxfire                  Conj/Fire      #...         92%         1    ##.....
 Pain                     Necr           #...         92%         1    ##.....
 Sting                    Tmut/Pois      #...         92%         1    ##.....
 Ensorcelled Hibernation  Hex/Ice        #.....       98%         2    ###....
 Passwall                 Tmut/Erth      #.......     98%         2    ###....
 Poisonous Vapours        Pois/Air       #.....       98%         2    ###....
 Sublimation of Blood     Necr           #.........   98%         2    ###....
 Swiftness                Chrm/Air       #.......     98%         2    ###....
 Confusing Touch          Hex            #.......     100%        3    ####...
 Conjure Flame            Conj/Fire      #.......     100%        3    ####...
 Dazzling Flash           Conj/Hex       #.....       100%        3    ####...
 Ignite Poison            Fire/Tmut/Pois #.......     100%        3    ####...
 Inner Flame              Hex/Fire       #.......     100%        3    ####...
 Mephitic Cloud           Conj/Pois/Air  #.......     100%        3    ####...
 Recall                   Summ/Tloc      N/A          100%        3    ####...
 Tukima's Dance           Hex            #.......     100%        3    ####...
 Animate Dead             Necr           N/A          100%        4    #####..
 Dispel Undead            Necr           #.......     100%        4    #####..
 Olgreb's Toxic Radiance  Pois           #.......     100%        4    #####..
 Passage of Golubria      Tloc           N/A          100%        4    #####..
 Sticky Flame             Conj/Fire      #.......     100%        4    #####..
 Agony                    Necr           #.......     100%        5    ######.
 Borgnjor's Vile Clutch   Necr/Erth      #.........   100%        5    ######.
 Fireball                 Conj/Fire      #.........   100%        5    ######.
 Lee's Rapid Deconstruct  Erth           #.........   100%        5    ######.
 Darkness                 Hex            #.........   100%        6    #######
 Death Channel            Necr           #.........   100%        6    #######
 Invisibility             Hex            #.......     100%        6    #######
 Simulacrum               Ice/Necr       #.........   100%        6    #######


Dungeon Overview and Level Annotations

Branches:
Dungeon (15/15)            Temple (1/1) D:6            Lair (6/6) D:9
  Swamp (4/4) Lair:3       Spider (4/4) Lair:4        Slime (0/5) Lair:6
    Orc (2/2) D:11            Elf (0/3) Orc:2        Vaults (0/5) D:13
 Depths (0/5) D:15        Ossuary (visited)

Altars:
Ashenzari
Cheibriados
Dithmenos
Elyvilon
Fedhas
Gozag
Hepliaklqana
Kikubaaqudgha
Makhleb
Nemelex Xobeh
Okawaru
Qazlal
Ru
Sif Muna
Trog
Uskayaw
Vehumet
Wu Jian
Xom
Yredelemnul
Zin
The Shining One
Beogh
Jiyva

Shops:
D:4 =   D:6 }=   D:7 *   Orc:2 *=!}}

Annotations:
D:4 Prince Ribbit
Lair:1 3 runed translucent doors, exclusion: oklob plant, struggle's ghost, journeyman MiFi
Spider:3 Arachne


Innate Abilities, Weirdness & Mutations

You have a pair of large antennae on your head. (SInv)
You are completely covered in yellow scales. (AC +4, rCorr)
Your flesh is very cold resistant. (rC++)
A meltable icy envelope protects you from harm. (AC +10)
You resist negative energy. (rN+)
You are somewhat able to resist unholy torments (1 in 2 success).
You are immune to rotting.
You are immune to freezing clouds.
You are somewhat resistant to further mutation.
Your system is resistant to poisons. (rPois)
Your spells are a little easier to cast, but a little less powerful.


Message History

You blink.
You feel slightly more hungry.
* * * LOW HITPOINT WARNING * * *
You feel very sick.
Arachne stares at you and mumbles some strange words.
The bolt of poison hits you but does no damage.
You are more poisoned.
You resist. You block the wolf spider's attack.
The wolf spider bites you but does no damage.
Arachne closely misses you. You block the wolf spider's attack.
The wolf spider bites you.
* * * LOW HITPOINT WARNING * * *
Your troll goes berserk!
You are feeling hungry.
* * * LOW HITPOINT WARNING * * *
You feel very sick.
Arachne stares at you and mumbles some strange words.
The poison arrow hits you!
You are more poisoned.
You partially resist.
You die...

[...###....#..#.#..>#.#...≈≈#.##.
..#≈#.###..####...^...#..###....#
..#.#..#....#.##.##..##....#..###
....#..###.....##≈..>.#..#.#..#.#
##.....#.......#.##.#.^.##.#..#..
#..#..###.###..#..###..#.#....#..
####..#.####...##..#...#..^^#≈##.
.#^#..#...#≈##..Hs.##..#..###.#..
......#...#.....@........#.#.....
...^#.....^.###.##T..##......#...
.####.......#.###..#.#...#..^.###
.≈#.<.#.#.#....^#..#.##..##.#....
##≈#..###≈##.......#......###....
###≈.##..#.^.##....#...#...#...#.
≈#≈###...##..#≈.##.#.#.#..###..#.
..#..###......########.#.......#.
.....#.....#...#...^....^..######


You could see Arachne, a wolf spider and a friendly troll (summoned, berserk).

Vanquished Creatures
  The ghost of Cykl0x the Peltast, an adept FoFi of the Shining One (Swamp:4)
  3 thorn hunters
  2 ghost moths
  Aizul (Spider:4)
  An emperor scorpion (Spider:1)
  2 entropy weavers (Spider:3)
  Nessos (D:13)
  An ettin (D:13)
  A fire dragon (D:13)
  Fannar (D:12)
  Josephine (D:15)
  Harold (D:7)
  A rakshasa (D:13)
  22 hydras
  Erica (Lair:1)
  2 shambling mangroves
  7 ghost crabs
  An anaconda (Swamp:4)
  13 alligators
  6 two-headed ogres
  3 centaur warriors
  5 death yaks (Lair:5)
  2 tengu warriors (D:13)
  Urug (D:13)
  A vampire mage (D:15)
  Sonja (D:12)
  A death drake (Swamp:3)
  2 skeletal warriors (D:15)
  4 spectral hydras (Swamp:3)
  2 spriggan druids
  3 sea snakes (Lair:6)
  A wizard (D:13)
  12 swamp dragons
  2 harpies (Lair:6)
  A necromancer (Swamp:3)
  3 phantasmal warriors (Swamp:3)
  An orc knight (Orc:1)
  A large abomination (Swamp:3)
  Pikel (D:7)
  18 orb spiders
  2 deep elf magi
  A sphinx skeleton (D:15)
  15 ugly things
  9 orc sorcerers
  3 manticores
  11 wolf spiders
  3 cyclopes
  8 elephants (Lair:6)
  3 black mambas
  Psyche (D:10)
  3 gargoyles
  3 kobold demonologists
  A rime drake (Lair:5)
  17 demonic crawlers
  14 spiny frogs
  4 torpor snails
  A yaktaur (D:15)
  11 komodo dragons
  A redback zombie (D:13)
  3 swamp worm zombies (Swamp:3)
  3 trolls
  Grinder (D:4)
  21 jumping spiders
  2 polar bears (Lair:6)
  14 tyrant leeches
  13 slime creatures
  18 bog bodies
  8 hornets
  24 blink frogs
  A spectral swamp dragon (Swamp:3)
  An ettin zombie (D:15)
  4 hippogriffs
  57 redbacks
  4 alligator zombies (Swamp:3)
  2 spriggans
  2 shadows
  22 tarantellas
  2 vampires
  8 wraiths
  38 yaks
  7 wyverns
  4 basilisks
  A hungry ghost (D:8)
  6 tyrant leech zombies (Swamp:3)
  20 vampire mosquitoes
  11 wargs
  11 insubstantial wisps
  An acid dragon (D:15)
  6 swamp worms
  9 water moccasins
  3 spiny frog zombies (Swamp:3)
  7 porcupines
  An ice beast (D:10)
  2 hornet zombies (D:8)
  15 swamp drakes
  25 orc warriors
  2 sky beasts
  10 ogres
  An eye of draining (shapeshifter) (D:13)
  A necrophage (D:14)
  2 phantoms
  2 black bears
  20 centaurs
  9 wolves
  19 crocodiles
  5 big kobolds
  16 bullfrogs
  A gnoll sergeant (D:9)
  A water moccasin zombie (D:8)
  A spriggan zombie (Swamp:3)
  6 scorpions
  2 troll zombies (Swamp:3)
  16 killer bees
  12 electric eels
  5 howler monkeys
  8 crimson imps
  2 bullfrog zombies
  3 centaur zombies
  2 jellies
  18 orc priests
  A bullfrog skeleton (D:5)
  4 centaur skeletons
  A gnoll shaman (D:6)
  7 hounds
  46 orc wizards
  Crazy Yiuf (D:7)
  Ijyb (D:5)
  Terence (D:2)
  6 iguanas
  13 worker ants
  A killer bee zombie (D:6)
  2 hound zombies (D:8)
  3 mummies (Ossuary)
  A worker ant zombie (D:5)
  22 gnolls
  16 adders
  5 shadow imps
  An ooze (D:3)
  An adder skeleton (D:10)
  An adder zombie (D:6)
  A worm (D:5)
  3 dart slugs (D:1)
  7 leopard geckos
  131 orcs
  A gnoll zombie (Ossuary)
  30 goblins
  22 hobgoblins
  2 jackals (D:6)
  7 quokkas
  2 ball pythons
  7 bats
  A frilled lizard (D:5)
  2 goblin zombies (Ossuary)
  3 hobgoblin zombies (Ossuary)
  27 kobolds
  5 kobold zombies (Ossuary)
  An orc zombie (Ossuary)
  A quokka skeleton (D:4)
  3 rats
  3 briar patches
  A plant (Lair:4)
  A withered plant (Swamp:3)
1181 creatures vanquished.

Vanquished Creatures (collateral kills)
  A ghost moth (Spider:4)
  A juggernaut zombie (D:15)
  2 hydras
  A merfolk avatar (Lair:6)
  A spriggan druid (Swamp:4)
  An orc knight (Orc:2)
  3 lindwurms (Swamp:4)
  4 wolf spiders
  A necromancer (D:15)
  2 orb spiders (Spider:4)
  6 ugly things (D:14)
  A stone giant skeleton (D:15)
  A rime drake (Lair:6)
  A demonic crawler (Spider:1)
  A jumping spider (Spider:1)
  A hornet (Spider:4)
  A spectral swamp dragon (Swamp:3)
  2 dream sheep (D:8)
  4 redbacks
  2 tarantellas (Spider:1)
  2 yaks (D:8)
  2 orc warriors (Orc:2)
  2 swamp drakes
  An ice beast (D:14)
  A necrophage (D:14)
  A phantom (D:6)
  5 big kobolds
  A bullfrog (D:15)
  A crimson imp (Spider:1)
  2 orc wizards (D:8)
  4 orcs
  A hobgoblin (D:6)
  5 kobolds (D:8)
65 creatures vanquished.

Vanquished Creatures (others)
  A wolf spider (Spider:3)
  A deep elf mage (D:12)
  A black mamba (Swamp:4)
  A hippogriff (D:12)
  A redback (Spider:1)
  A tarantella (Spider:2)
  A water moccasin skeleton (D:7)
  A howler monkey (D:7)
  An orc wizard (Orc:2)
  3 adders (Swamp:4)
  A shadow imp (D:15)
  A leopard gecko (D:11)
  2 orcs
  13 fungi
  17 plants
  5 toadstools (D:15)
51 creatures vanquished.

Grand Total: 1297 creatures vanquished

Notes
Turn   | Place    | Note
-------+----------+-------------------------------------------
     0 | D:1      | spinagon the Demonspawn Berserker began the quest for the
                  | Orb.
     0 | D:1      | Reached XP level 1. HP: 18/18 MP: 1/1
   162 | D:1      | Gained mutation: You are partially covered in yellow
                  | scales. (AC +2) [demonic ancestry]
   162 | D:1      | Reached XP level 2. HP: 24/24 MP: 2/2
   947 | D:2      | Gained mutation: You are immune to rotting. [demonic
                  | ancestry]
   947 | D:2      | Reached XP level 3. HP: 29/29 MP: 3/3
   992 | D:2      | Reached ** piety under Trog
  1238 | D:2      | Noticed Terence
  1253 | D:2      | Killed Terence
  1421 | D:2      | Found a sparkling altar of Nemelex Xobeh.
  1464 | D:2      | Gained mutation: Your flesh is cold resistant. (rC+)
                  | [demonic ancestry]
  1464 | D:2      | Reached XP level 4. HP: 37/37 MP: 4/4
  2123 | D:3      | Reached skill level 1 in Evocations
  2123 | D:3      | Gained mutation: You are mostly covered in yellow scales.
                  | (AC +3) [demonic ancestry]
  2123 | D:3      | Reached XP level 5. HP: 39/42 MP: 5/5
  2915 | D:4      | Noticed an ogre
  2947 | D:4      | Killed an ogre
  2947 | D:4      | Gained mutation: You have a pair of small antennae on your
                  | head. [demonic ancestry]
  2947 | D:4      | Reached XP level 6. HP: 49/49 MP: 7/7
  3075 | D:4      | Noticed Grinder
  3089 | D:4      | Killed Grinder
  3095 | D:4      | Gained mutation: You have a pair of antennae on your head.
                  | [demonic ancestry]
  3095 | D:4      | Reached XP level 7. HP: 9/55 MP: 9/9
  3659 | D:4      | Reached skill level 5 in Fighting
  3718 | D:4      | Found Gipem's Jewellery Shoppe.
  3768 | D:5      | Entered Level 5 of the Dungeon
  3816 | D:5      | Found a sand-covered staircase.
  3821 | Ossuary  | Entered an ossuary
  3821 | Ossuary  | Noticed a wraith
  3821 | Ossuary  | Noticed a wraith
  3821 | Ossuary  | Noticed a wraith
  4056 | Ossuary  | Reached skill level 1 in Shields
  4317 | Ossuary  | Noticed a wraith
  4359 | Ossuary  | Gained mutation: Scrolls take you a little longer to read.
                  | [potion of mutation]
  4359 | Ossuary  | Gained mutation: Your spells are a little harder to cast,
                  | but a little more powerful. [potion of mutation]
  4359 | Ossuary  | Gained mutation: You have sharp toenails. [potion of
                  | mutation]
  4359 | Ossuary  | Gained mutation: Your flesh is very cold resistant. (rC++)
                  | [potion of mutation]
  4369 | Ossuary  | Killed a wraith
  4574 | Ossuary  | Lost mutation: Scrolls take you a little longer to read.
                  | [potion of mutation]
  4574 | Ossuary  | Lost mutation: Your spells are a little harder to cast, but
                  | a little more powerful. [potion of mutation]
  4574 | Ossuary  | Lost mutation: You have sharp toenails. [potion of
                  | mutation]
  4574 | Ossuary  | Gained mutation: Your spells are a little easier to cast,
                  | but a little less powerful. [potion of mutation]
  4574 | Ossuary  | Gained mutation: Your system is resistant to poisons.
                  | (rPois) [potion of mutation]
  4574 | Ossuary  | Gained mutation: You are somewhat resistant to further
                  | mutation. [potion of mutation]
  4600 | D:5      | Noticed Ijyb
  4618 | D:5      | Killed Ijyb
  4658 | D:5      | Noticed Prince Ribbit
  4957 | D:5      | Reached skill level 5 in Maces & Flails
  5018 | D:4      | Gained mutation: You have a pair of large antennae on your
                  | head. (SInv) [demonic ancestry]
  5018 | D:4      | Reached XP level 8. HP: 53/63 MP: 10/10
  5553 | D:5      | Reached *** piety under Trog
  6275 | D:6      | Found a blossoming altar of Fedhas.
  6483 | D:6      | Found Coublurisk's Gadget Boutique.
  6486 | D:6      | Found Zuthigab's Jewellery Shop.
  6806 | D:6      | Reached skill level 5 in Armour
  7179 | D:6      | Found a staircase to the Ecumenical Temple.
  7485 | D:6      | Reached **** piety under Trog
  7491 | D:6      | Gained mutation: You are completely covered in yellow
                  | scales. (AC +4, rCorr) [demonic ancestry]
  7491 | D:6      | Reached XP level 9. HP: 70/70 MP: 12/12
  7869 | D:6      | Reached skill level 5 in Evocations
  9057 | D:7      | Found the +18 shield of the Gong {rElec rN+ MR+ EV-5}
  9275 | D:7      | Found a runed translucent door.
  9276 | D:7      | Noticed Crazy Yiuf
  9293 | D:7      | Killed Crazy Yiuf
  9449 | D:7      | Noticed Pikel
  9484 | D:7      | Killed Pikel
  9519 | D:7      | Found Hotumurch's Island Escapes.
  9553 | D:7      | Reached ***** piety under Trog
  9588 | D:7      | Noticed Harold
  9611 | D:7      | Killed Harold
  9611 | D:7      | Reached XP level 10. HP: 79/79 MP: 14/14
  9982 | D:7      | Reached skill level 5 in Shields
 10399 | D:8      | Found a stormy altar of Qazlal.
 11008 | D:8      | Noticed a three-headed hydra
 11030 | D:8      | Killed a three-headed hydra
 11682 | D:8      | Noticed a two-headed ogre
 11693 | D:8      | Killed a two-headed ogre
 11884 | D:9      | Received a gift from Trog
 12077 | D:9      | Gained mutation: You are immune to freezing clouds.
                  | [demonic ancestry]
 12077 | D:9      | Reached XP level 11. HP: 87/87 MP: 16/16
 12255 | D:9      | Found a staircase to the Lair.
 13336 | Temple   | Entered the Ecumenical Temple
 13568 | Lair:1   | Entered Level 1 of the Lair of Beasts
 13582 | Lair:1   | Found a runed translucent gate.
 13582 | Lair:1   | Found a runed translucent gate.
 13582 | Lair:1   | Found a runed translucent gate.
 14613 | Lair:1   | Noticed Erica
 14840 | Lair:1   | Killed Erica
 14922 | Lair:1   | Noticed an oklob plant
 15439 | Lair:1   | Noticed struggle's ghost (journeyman MiFi)
 15456 | Lair:2   | Noticed a five-headed hydra
 15582 | D:10     | Entered Level 10 of the Dungeon
 15584 | D:10     | Noticed Psyche
 15589 | D:10     | Paralysed by Psyche for 5 turns
 15619 | D:10     | Killed Psyche
 15881 | D:10     | Noticed a two-headed ogre
 15888 | D:10     | Killed a two-headed ogre
 17553 | D:11     | Noticed a two-headed ogre
 17561 | D:11     | Killed a two-headed ogre
 17561 | D:11     | Gained mutation: You resist negative energy. (rN+) [demonic
                  | ancestry]
 17561 | D:11     | Reached XP level 12. HP: 84/97 MP: 18/18
 17733 | D:11     | Found a shimmering blue altar of Sif Muna.
 17937 | D:11     | Found a staircase to the Orcish Mines.
 18752 | D:12     | Identified the +4 mace of the Vulture {freeze, rF+ Int+3}
                  | (You found it on level 12 of the Dungeon)
 19117 | D:12     | Noticed a two-headed ogre
 19127 | D:12     | Killed a two-headed ogre
 19129 | D:12     | Reached skill level 10 in Fighting
 19588 | D:12     | Noticed Sonja
 19596 | D:12     | Killed Sonja
 19877 | D:12     | Noticed Fannar
 19936 | D:12     | Killed Fannar
 20129 | D:12     | Found a shimmering blue altar of Sif Muna.
 20231 | D:12     | Noticed a two-headed ogre
 20241 | D:12     | Killed a two-headed ogre
 20665 | D:13     | Upgraded the game from 0.25-b1-37-g2669288c55 to
                  | 0.25.1-2-g60ff931df9
 20941 | D:13     | Noticed Urug
 20954 | D:13     | Killed Urug
 21098 | D:13     | Reached ****** piety under Trog
 21115 | D:13     | Noticed a rakshasa
 21148 | D:13     | Killed a rakshasa
 21458 | D:13     | Noticed a two-headed ogre
 21467 | D:13     | Killed a two-headed ogre
 21467 | D:13     | Reached skill level 10 in Evocations
 21467 | D:13     | Gained mutation: You are somewhat able to resist unholy
                  | torments (1 in 2 success). [demonic ancestry]
 21467 | D:13     | Reached XP level 13. HP: 104/104 MP: 20/20
 21570 | D:13     | Noticed an ettin
 21587 | D:13     | Killed an ettin
 21587 | D:13     | Received a gift from Trog
 22060 | D:13     | Noticed a fire dragon
 22078 | D:13     | Killed a fire dragon
 22078 | D:13     | Reached skill level 10 in Maces & Flails
 22086 | D:13     | Found a gate to the Vaults.
 22363 | D:13     | Noticed Nessos
 22376 | D:13     | Killed Nessos
 23105 | Orc:1    | Entered Level 1 of the Orcish Mines
 23300 | Orc:1    | Reached skill level 10 in Armour
 23859 | Orc:2    | Entered Level 2 of the Orcish Mines
 23859 | Orc:2    | Found a roughly hewn altar of Beogh.
 23901 | Orc:2    | Received a gift from Trog
 24309 | Orc:2    | Found a roughly hewn altar of Beogh.
 24376 | Orc:2    | Found a staircase to the Elven Halls.
 24377 | Orc:2    | Found Fig Wyi's Gadget Shoppe.
 24558 | Orc:2    | Found Gosiss's Assorted Antiques.
 24589 | Orc:2    | Bought a scroll labeled KUFANY ZANY for 27 gold pieces
 24597 | Orc:2    | Found Deciag's Jewellery Shop.
 24730 | Orc:2    | Bought the amulet of Tender Moments {Reflect rN+ MR- Str+5
                  | SH+5} for 712 gold pieces
 24829 | Orc:2    | Received a gift from Trog
 25211 | Orc:2    | Found Ecarag's Distillery.
 25346 | Orc:2    | Found Owyboz's Gadget Shop.
 25990 | Lair:2   | Received a gift from Trog
 26003 | Lair:2   | Reached XP level 14. HP: 71/113 MP: 7/22
 27341 | Lair:3   | Reached skill level 10 in Shields
 27842 | Lair:3   | Found a staircase to the Swamp.
 28380 | Lair:4   | Found a hole to the Spider Nest.
 29893 | Lair:6   | Entered Level 6 of the Lair of Beasts
 30764 | Lair:6   | Found a viscous altar of Jiyva.
 30764 | Lair:6   | Found a staircase to the Slime Pits.
 30773 | Lair:6   | Received a gift from Trog
 31105 | Lair:6   | Gained mutation: A meltable icy envelope protects you from
                  | harm. (AC +10) [demonic ancestry]
 31105 | Lair:6   | Reached XP level 15. HP: 103/122 MP: 24/24
 31260 | Lair:6   | Identified the Almanac of the Doomed Blaze
 32630 | D:14     | Found a basalt altar of Yredelemnul.
 32933 | D:14     | Received a gift from Trog
 33368 | D:15     | Entered Level 15 of the Dungeon
 33530 | D:15     | Found a staircase to the Depths.
 33788 | D:15     | Noticed Josephine
 33800 | D:15     | Killed Josephine
 34538 | Swamp:1  | Entered Level 1 of the Swamp
 35121 | Swamp:1  | Received a gift from Trog
 36209 | Swamp:2  | Found a shadowy altar of Dithmenos.
 36228 | Swamp:2  | Reached XP level 16. HP: 114/131 MP: 25/25
 37040 | Swamp:3  | Noticed a thorn hunter
 37254 | Swamp:3  | Killed a thorn hunter
 37460 | Swamp:3  | Noticed a thorn hunter
 37477 | Swamp:3  | Killed a thorn hunter
 39153 | Swamp:4  | Entered Level 4 of the Swamp
 39166 | Swamp:4  | Upgraded the game from 0.25.1-2-g60ff931df9 to
                  | 0.25.1-9-gc5326a611f
 39338 | Swamp:4  | Found a runed translucent gate.
 39338 | Swamp:4  | Found a runed translucent gate.
 39338 | Swamp:4  | Found a runed translucent gate.
 39340 | Swamp:4  | Noticed Cykl0x's ghost (adept FoFi)
 39367 | Swamp:4  | Killed Cykl0x's ghost
 39680 | Swamp:4  | Reached skill level 5 in Dodging
 39840 | Swamp:4  | Received a gift from Trog
 39872 | Swamp:4  | HP: 7/199 [spriggan druid/angry trees (12)]
 39887 | Swamp:4  | Noticed a thorn hunter
 40325 | Swamp:4  | Reached XP level 17. HP: 133/139 MP: 27/27
 40446 | Swamp:4  | Got a decaying rune of Zot
 40921 | Swamp:4  | Identified the +11 morningstar "Mato" {vorpal, +Blink +Fly
                  | Int+4} (Trog gifted it to you on level 4 of the Swamp)
 41040 | Spider:1 | Entered Level 1 of the Spider Nest
 41715 | Spider:1 | Received a gift from Trog
 44039 | Spider:3 | Received a gift from Trog
 45440 | Spider:4 | Entered Level 4 of the Spider Nest
 45446 | Spider:4 | Noticed Arachne
 45451 | Spider:4 | Noticed Aizul
 45490 | Spider:4 | Killed Aizul
 45512 | Spider:3 | HP: 4/140 [poisoned by Arachne (bolt of poison)]
 45512 | Spider:3 | Killed from afar by Arachne

Illustrated notes

Levels and vault maps discovered:
D:1:      lightli_arrival_flooded_house, layout_basic, minmay_pentomino_r4
D:2:      layout_basic, lemuel_altar_in_water, uniq_terence
D:3:      layout_rooms, first_ration
D:4:      layout_basic, serial_shops, nicolae_shop_statue_plus, uniq_grinder
D:5:      layout_loops_ring, lightli_ossuary_entry_decrepit_ruins,
          uniq_prince_ribbit1, uniq_ijyb
D:6:      minmay_goblin_kobold_castle, layout_basic, temple_hall, serial_shops,
          shop, nicolae_shop_trees, fedhas_altar_1
D:7:      layout_rooms, nicolae_island_escapes, uniq_harold, uniq_pikel,
          uniq_crazy_yiuf_cottage
D:8:      layout_basic, kennysheep_little_box, hangedman_ranch
          [blue_anna_fruit_fields]
D:9:      layout_basic, minmay_lair_entry_grove
D:10:     layout_basic, uniq_psyche
D:11:     wad_lake_hut, layout_basic, erik_orc_1, kennysheep_decorative_pillar,
          led_sif_book
D:12:     layout_roguey, basic_altar, lemuel_flame_loot_1, uniq_sonja,
          uniq_fannar
D:13:     layout_basic, david_vaults_4, kennysheep_generic_room_11, uniq_nessos,
          uniq_urug
D:14:     layout_stronghold, minmay_misc_feat_square, basic_altar
D:15:     gammafunk_depths_entry_grave, layout_irregular_city, minivault_25,
          minmay_gold_behind_fungi, uniq_josephine
Temple:   dpeg_three_leaves_temple
Lair:1:   layout_chaotic_city, gammafunk_ghost_icy, serial_bayou_lake_a,
          minmay_lair_oklob_chamber, serial_bayou_shore_b, uniq_erica
Lair:2:   layout_regular_city
Lair:3:   layout_regular_city, nicolae_swamp_entry_splash_gauntlet
Lair:4:   layout_cave_pods, spider_nest_entry_a, ldierk_geyser,
          hibernation_bobbens, grunt_megastairs_1, infiniplex_staircase_pool
Lair:5:   layout_big_grid
Lair:6:   gammafunk_lair_ancient_temple, layout_gridlike,
          dpeg_slime_entry_enclosed_altar, serial_rivers,
          chequers_serial_rivers_small_3, chequers_serial_rivers_micro_b,
          chequers_serial_rivers_room_a, chequers_serial_rivers_small_3,
          chequers_serial_rivers_micro_c, chequers_serial_rivers_micro_c
Swamp:1:  layout_basic_swamp, nicolae_swamp_very_dense_foliage, swamp_pool2
Swamp:2:  layout_falls_marsh, basic_altar
Swamp:3:  cheibrodos_swamp_mausoleum, layout_falls_marsh,
          evilmike_swamp_ruin_rubble_2, infiniplex_staircase_pool_2
Swamp:4:  swamp_alternative, layout_basic_swamp, ebering_ghost_rock_garden,
          swamp_pool2, nicolae_swamp_snake_nest
Spider:1: layout_spider_delve, nicolae_crawler_farm
Spider:2: nicolae_spider_mines_3
Spider:3: layout_spider_delve
Spider:4: spider_rune_water, uniq_arachne, uniq_aizul
Orc:1:    layout_caves
Orc:2:    st_orc_town, layout_caves, serial_shops, nicolae_shop_trees,
          mines2_david

Skill      XL: |  1  2  3  4  5  6  7  8  9 10 11 12 13 14 15 16 17 |
---------------+----------------------------------------------------+-----
Dodging        | 2 5 |  5.0
Maces & Flails | 3 4 5 6 7 8 9 10 11 12 13 | 13.8
Armour         | 2 3 4 5 6 7 8 9 10 11 12 13 | 13.6
Fighting       | 4 5 6 7 8 9 10 11 12 13 14 | 14.9
Evocations     | 1 2 3 4 6 7 8 10 11 12 13 14 | 14.4
Shields        | 1 3 4 6 7 8 9 10 11 12 13 | 13.2

Action                   |  1- 3 |  4- 6 |  7- 9 | 10-12 | 13-15 | 16-18 || total
-------------------------+-------+-------+-------+-------+-------+-------++-------
Melee: Mace              |    41 |       |       |   169 |     5 |       ||   215
       Whip              |    46 |       |       |       |       |       ||    46
       Flail             |     3 |   102 |   828 |   353 |       |       ||  1286
       Demon whip        |       |       |       |   570 |  1550 |   632 ||  2752
       Eveningstar       |       |       |       |       |    29 |       ||    29
       Morningstar       |       |       |       |       |    24 |   434 ||   458
Throw: Dart              |       |    10 |    29 |    12 |    38 |       ||    89
       Boomerang         |       |       |     6 |    50 |     7 |    32 ||    95
       Javelin           |       |       |       |     2 |    11 |       ||    13
       Throwing net      |       |       |       |       |       |     8 ||     8
Invok: Berserk           |     2 |     2 |     9 |    10 |     7 |     6 ||    36
       Trog's Hand       |       |       |     1 |       |     5 |     5 ||    11
       Brothers in Arms  |       |       |     1 |     1 |     4 |     7 ||    13
 Abil: Evoke Blink       |       |       |       |       |       |     3 ||     3
Evoke: Wand              |       |       |     3 |    14 |     4 |    14 ||    35
       Phial of floods   |       |       |       |       |     1 |     1 ||     2
       Tin of tremorston |       |       |       |       |       |     3 ||     3
  Use: Scroll            |     2 |     2 |     2 |    12 |    10 |    12 ||    40
       Potion            |       |     1 |    13 |     5 |     1 |     7 ||    27
 Stab: Invisible         |       |       |       |     3 |       |       ||     3
       Confused          |       |       |       |       |       |     1 ||     1
       Held in net/web   |       |       |       |       |       |     2 ||     2
  Eat: Chunk             |     4 |     6 |    21 |    28 |    41 |    12 ||   112
       Ration            |       |       |     3 |    10 |     5 |     8 ||    26
Armor: Scale mail        |    39 |       |       |       |       |       ||    39
       Animal skin       |     3 |       |       |       |       |       ||     3
       Chain mail        |       |    49 |   448 |       |       |       ||   497
       Skin              |       |       |     5 |    23 |       |       ||    28
       Plate armour      |       |       |    59 |   534 |   530 |   800 ||  1923
Dodge: Dodged            |    57 |    33 |   205 |   211 |   232 |   443 ||  1181
Block: Kite shield       |       |       |   479 |   645 |  1094 |  1172 ||  3390
       Reflection        |       |       |       |       |    26 |     5 ||    31
